 Dungeon Crawl Stone Soup version 0.30-a0-760-g5a9884bb7c (webtiles) character file.

Game seed: 17953100454983577588

23503 BigDaddyOpFi the Evangelist (level 13, -15/117 HPs)
             Began as a Hill Orc Fighter on Feb 10, 2023.
             Was an Elder of Beogh.
             Succumbed to Sonja's poison
             ... on level 3 of the Lair of Beasts.
             The game lasted 00:19:22 (16124 turns).

BigDaddyOpFi the Evangelist (Hill Orc Fighter)     Turns: 16124, Time: 00:19:22

Health: -15/117    AC: 30    Str: 24    XL:     13   Next: 7%
Magic:  7/7        EV:  7    Int: 14    God:    Beogh [****..]
Gold:   1741       SH:  0    Dex: 10    Spells: 12/12 levels left

rFire   . . .      SeeInvis .    b - +5 broad axe of a bazaar {antimagic, +Blink rC+++ Will- Stlth-}
rCold   + + +      Faith    .    c - +0 buckler
rNeg    . . .      Spirit   .    J - +5 plate armour
rPois   .          Reflect  +    E - +0 helmet
rElec   .          Harm     .    u - +0 cloak
rCorr   .          Rampage  .    (no gloves)
Will    .....                    j - +2 pair of boots Stlth
                                 m - amulet of reflection
HPRegen 0.39/turn                A - +6 ring of intelligence
MPRegen 0.10/turn                G - +4 ring of protection

@: confused, lethally poisoned (-15 -> -120), ambrosia-drunk
A: no striking features
a: Renounce Religion, Evoke Blink, Smiting, Recall Orcish Followers


You were on level 3 of the Lair of Beasts.
You worshipped Beogh.
Beogh was greatly pleased with you.
You visited 2 branches of the dungeon, and saw 16 of its levels.
You also visited: Ice Cave.

You collected 1741 gold pieces.

Inventory:

Hand Weapons
 a - a +1 war axe
 b - the +5 broad axe of a bazaar (weapon) {antimagic, +Blink rC+++ Will- Stlth-}
   (You acquired it on level 2 of the Dungeon)

   rC:        It renders you almost immune to cold.
   +Blink:    It lets you blink.
   Will:      It decreases your willpower.
   Stlth:     It makes you less stealthy.
Armour
 c - a +0 buckler (worn)
 j - a +2 pair of boots (worn)
 u - a +0 cloak (worn)
 E - a +0 helmet (worn)
 J - a +5 plate armour (worn)
 R - an orb of guile
Jewellery
 m - an amulet of reflection (around neck)
 x - a ring of wizardry
 A - a +6 ring of intelligence (left hand)
 C - a ring of poison resistance
 G - a +4 ring of protection (right hand)
 H - a ring of protection from cold
 O - an amulet of magic regeneration
Wands
 d - a wand of polymorph (7)
 w - a wand of flame (16) (quivered)
 z - a wand of roots (22)
 K - a wand of charming (7)
 N - a wand of light (5)
Scrolls
 e - 5 scrolls of teleportation
 g - 2 scrolls of fog
 k - 5 scrolls of poison
 l - 4 scrolls of identify
 t - 3 scrolls of enchant weapon
 y - a scroll of noise
 D - a scroll of amnesia
 I - a scroll of fear
Potions
 i - 5 potions of degeneration
 n - 4 potions of brilliance
 o - 3 potions of mutation
 p - 2 potions of lignification
 q - 2 potions of attraction
 r - a potion of magic
 v - 3 potions of flight
 F - a potion of invisibility
 L - a potion of ambrosia
 Q - a potion of cancellation
Miscellaneous
 M - a condenser vane


   Skills:
 + Level 11.7 Fighting
 + Level 12.4 Axes
 + Level 10.7 Armour
 + Level 10.9 Shields
 * Level 14.3 Invocations


You had 12 spell levels left.
You didn't know any spells.
Your spell library contained the following spells:

 Spells                   Type           Power      Damage    Failure   Level
 Freeze                   Ice            0%         1d3       98%         1
 Magic Dart               Conj           0%         1d3       98%         1
 Slow                     Hex            0%         N/A       98%         1
 Cigotuvi's Dreadful Rot  Necr/Pois/Air  0%         N/A       99%         2
 Poisonous Vapours        Pois/Air       0%         N/A       99%         2
 Searing Ray              Conj           0%         2d4       99%         2
 Confusing Touch          Hex            0%         N/A       100%        3
 Dazzling Flash           Conj/Hex       0%         N/A       100%        3
 Frozen Ramparts          Ice            0%         1d1       100%        3
 Hailstorm                Conj/Ice       0%         3d3       100%        3
 Ignite Poison            Fire/Tmut/Pois 0%         N/A       100%        3
 Kindle Blastsparks       Fire/Tloc/Air  0%         2d10      100%        3
 Mephitic Cloud           Conj/Pois/Air  0%         N/A       100%        3
 Ozocubu's Armour         Ice            0%         N/A       100%        3
 Vampiric Draining        Necr           0%         2d6       100%        3
 Fulminant Prism          Conj/Hex       0%         3d5       100%        4
 Iskenderun's Mystic Bla  Conj/Tloc      0%         2d3       100%        4
 Freezing Cloud           Conj/Ice/Air   0%         6-21      100%        5
 Metabolic Englaciation   Hex/Ice        0%         N/A       100%        5
 Simulacrum               Ice/Necr       0%         N/A       100%        6
 Starburst                Conj/Fire      0%         6d3       100%        6


Dungeon Overview and Level Annotations

Branches:
Dungeon (13/15)            Temple (0/1) D:4            Lair (3/5) D:10
  Swamp (0/4) Lair:3       Spider (0/4) Lair:2          Orc (0/2) D:9
 Vaults (0/5) D:13          IceCv (visited)

Altars:
Ashenzari
Cheibriados
Dithmenos
Fedhas
Okawaru
Qazlal
Trog
Uskayaw
Yredelemnul
Zin

Annotations:
D:8 2 transporters, purpskrrrp's ghost, novice TrWr
D:13 Urug
Lair:3 Sonja


Message History

You block Sonja's attack.
Sonja hits you with a +1 short sword of venom.
You are more poisoned.
Sonja hits you but does no damage.
You are more poisoned.
Sonja hits you with a +1 short sword of venom.
You are lethally poisoned!
Sonja hits you but does no damage.
You are more poisoned.
Okay, then.
You are confused.
You feel invigorated.
* * * LOW HITPOINT WARNING * * *
You feel extremely sick. Sonja barely misses you.
Sonja hits you but does no damage.
You are more poisoned.
Sonja hits you but does no damage.
You are more poisoned.
* * * LOW HITPOINT WARNING * * *
You feel extremely sick. Sonja hits you but does no damage.
You are more poisoned.
Sonja hits you but does no damage.
You are more poisoned.
Sonja barely misses you.
* * * LOW HITPOINT WARNING * * *
You feel extremely sick.
Sonja shouts, "Some dancing partner you are!"
Sonja hits you but does no damage.
You are more poisoned.
Sonja barely misses you. Sonja hits you but does no damage.
You are more poisoned.
Sonja hits you with a +1 short sword of venom.
* * * LOW HITPOINT WARNING * * *
You are more poisoned.
Sonja hits you but does no damage.
You are more poisoned.
Sonja hits you but does no damage.
You are more poisoned.
You die...

### ### #### #
#..####.######.#.#.#
#.§.................
##§§§§§.............
#.§§§§§.....@.#
#...## #§§.§§..K...##
..... #§§§§§.......#
#.... ##§§..###.....#
#.... #P..### #.....#
#.#.. #..§.# #....##
#.... ##§..# #....#
#.... ##...#
#....######## #....
#....#
##.....##.##.####..#.


You could see Sonja.

Vanquished Creatures
  2 two-headed ogres (D:12)
  A skyshark (Lair:3)
  An oklob plant (Lair:2)
  A manticore (D:10)
  3 cyclopes
  2 ice statues (IceCv)
  Maurice (D:11)
  3 cane toads
  Maggie (D:7)
  A gargoyle (D:11)
  3 kobold demonologists
  2 rime drakes (D:11)
  A freezing wraith (IceCv)
  3 anaconda simulacra (IceCv)
  A komodo dragon (Lair:1)
  3 ice devils (IceCv)
  A meliai (Lair:2)
  2 dream sheep (Lair:3)
  2 blink frogs (Lair:3)
  A shadow (D:11)
  2 wyverns
  2 dire elephant simulacra (IceCv)
  2 wraiths (D:11)
  18 yaks
  2 vampire mosquitoes (D:12)
  A steam dragon (D:7)
  A death yak simulacrum (IceCv)
  Edmund (D:5)
  3 harpy simulacra (IceCv)
  3 acid dragons
  2 hydra simulacra (IceCv)
  2 water moccasins
  4 orc warriors
  5 ogres
  2 black bears
  3 centaurs
  5 kobold brigands
  5 bullfrogs
  A necrophage (D:6)
  2 scorpions (D:6)
  2 gnoll sergeants
  3 wights (D:10)
  4 killer bees
  2 electric eels
  2 jellies
  3 hounds
  5 orc priests
  Jessica (D:2)
  3 iguanas
  Ijyb (D:4)
  3 orc wizards
  5 hell rats (Lair:3)
  A troll simulacrum (IceCv)
  A spriggan simulacrum (IceCv)
  14 gnolls
  16 adders
  2 white imps
  2 ufetubi
  A dart slug (D:1)
  38 orcs
  5 ball pythons
  5 endoplasms
  2 giant cockroaches
  5 goblins
  8 hobgoblins
  7 quokkas
  3 bats
  3 frilled lizards
  17 kobolds
  5 rats
270 creatures vanquished.

Vanquished Creatures (collateral kills)
  A bog body (IceCv)
  A necromancer (IceCv)
  2 ugly things (D:12)
  An oklob plant (Lair:2)
  A manticore (D:12)
  A black mamba (Lair:3)
  3 cane toads
  2 komodo dragons
  4 dream sheep (Lair:3)
  A blink frog (Lair:3)
  2 wyverns (Lair:1)
  5 yaks
  3 water moccasins
  A bullfrog (Lair:1)
  2 killer bees (Lair:2)
  2 hell rats (Lair:3)
  A butterfly (Lair:2)
33 creatures vanquished.

Vanquished Creatures (others)
  An orc knight (Lair:3)
  An orc wizard (D:7)
  An orc (D:11)
  6 fungi
  22 plants
31 creatures vanquished.

Grand Total: 334 creatures vanquished

Notes
Turn   | Place    | Note
-------+----------+-------------------------------------------
     0 | D:1      | BigDaddyOpFi the Hill Orc Fighter began the quest for the
                  | Orb.
     0 | D:1      | Reached XP level 1. HP: 19/19 MP: 1/1
   241 | D:1      | Reached XP level 2. HP: 26/27 MP: 2/2
   825 | D:2      | Reached XP level 3. HP: 32/33 MP: 3/3
   828 | D:2      | Noticed Jessica
   840 | D:2      | Killed Jessica
  1012 | D:2      | Identified a scroll of acquirement
  1012 | D:2      | Acquired the +5 broad axe of a bazaar {antimagic, +Blink
                  | rC+++ Will- Stlth-}
  1051 | D:2      | Reached XP level 4. HP: 37/40 MP: 1/4
  1652 | D:2      | You fall into a shaft and drop 1 floor!
  1730 | D:3      | Found a glowing silver altar of Zin.
  1836 | D:3      | Reached XP level 5. HP: 47/47 MP: 1/5
  2579 | D:4      | Found a bloodstained altar of Trog.
  2586 | D:4      | Noticed Ijyb
  2595 | D:4      | Killed Ijyb
  2596 | D:4      | Reached skill level 5 in Fighting
  2596 | D:4      | Reached XP level 6. HP: 53/56 MP: 2/6
  2997 | D:4      | Found a staircase to the Ecumenical Temple.
  3043 | D:4      | Reached skill level 5 in Axes
  3257 | D:5      | Entered Level 5 of the Dungeon
  3341 | D:5      | Found a stormy altar of Qazlal.
  3363 | D:5      | Reached skill level 5 in Armour
  3363 | D:5      | Reached skill level 5 in Shields
  3363 | D:5      | Reached XP level 7. HP: 61/61 MP: 2/7
  3492 | D:5      | Found a shadowy altar of Dithmenos.
  3609 | D:5      | Noticed Edmund
  3622 | D:5      | Killed Edmund
  3836 | D:5      | Found a blossoming altar of Fedhas.
  3999 | D:5      | Reached XP level 8. HP: 71/71 MP: 2/8
  4897 | D:6      | Became a worshipper of Beogh the Brigand
  5178 | D:7      | Reached skill level 1 in Invocations
  5251 | D:7      | Reached skill level 2 in Invocations
  5282 | D:7      | Reached skill level 3 in Invocations
  5291 | D:7      | Reached XP level 9. HP: 29/77 MP: 3/11
  5589 | D:7      | Reached skill level 4 in Invocations
  5631 | D:7      | Reached * piety under Beogh
  5729 | D:7      | Noticed Maggie
  5742 | D:7      | Killed Maggie
  5743 | D:7      | Reached skill level 5 in Invocations
  5905 | D:7      | Found an iron altar of Okawaru.
  5906 | D:7      | Found a basalt altar of Yredelemnul.
  6361 | D:8      | Reached skill level 6 in Invocations
  6363 | D:8      | Acquired 904 gold pieces
  6598 | D:8      | Noticed a moth of wrath
  6715 | D:8      | Found a transporter.
  6839 | D:8      | Found a transporter.
  6846 | D:8      | Noticed purpskrrrp's ghost (novice TrWr)
  7398 | D:9      | Found a broken altar of Ashenzari.
  7523 | D:9      | Found a staircase to the Orcish Mines.
  7550 | D:9      | Reached ** piety under Beogh
  7568 | D:9      | Reached skill level 7 in Invocations
  7568 | D:9      | Reached XP level 10. HP: 83/90 MP: 5/15
  7624 | D:9      | Found a snail-covered altar of Cheibriados.
  7954 | D:10     | Entered Level 10 of the Dungeon
  8412 | D:10     | Found a staircase to the Lair.
  8531 | D:10     | Noticed a +0 dagger
  8531 | D:10     | Noticed a +0 short sword
  8531 | D:10     | Noticed a +0 dagger
  8532 | D:10     | Noticed a +0 short sword
  8532 | D:10     | Noticed a +0 falchion
  8533 | D:10     | Noticed a +0 spear
  8533 | D:10     | Noticed a +0 spear
  8534 | D:10     | Noticed a +0 falchion
  8536 | D:10     | Found a hide-covered altar of Uskayaw.
  8641 | D:10     | Reached skill level 8 in Invocations
  8695 | D:10     | Noticed a manticore
  8701 | D:10     | Killed a manticore
  8969 | D:11     | Found a frozen archway.
  8984 | D:11     | Reached skill level 9 in Invocations
  8998 | IceCv    | Entered an ice cave
  9011 | IceCv    | Noticed an ice statue
  9011 | IceCv    | Noticed an ice statue
  9195 | IceCv    | Killed an ice statue
  9226 | IceCv    | Killed an ice statue
  9227 | IceCv    | Reached XP level 11. HP: 97/97 MP: 6/18
  9370 | IceCv    | Reached skill level 10 in Axes
  9567 | IceCv    | Reached skill level 10 in Invocations
  9899 | IceCv    | Reached skill level 10 in Fighting
 10316 | IceCv    | Noticed a necromancer
 10316 | IceCv    | Noticed a bog body
 10327 | IceCv    | Killed a bog body
 10330 | IceCv    | Killed a necromancer
 10331 | IceCv    | Reached skill level 11 in Invocations
 10460 | D:11     | Noticed Maurice
 10477 | D:11     | Killed Maurice
 10483 | D:11     | Noticed a cyclops
 10488 | D:11     | Killed a cyclops
 10967 | D:11     | Reached *** piety under Beogh
 11024 | D:11     | Noticed a cyclops
 11037 | D:11     | Killed a cyclops
 11134 | D:11     | Reached skill level 12 in Invocations
 11145 | D:11     | Reached XP level 12. HP: 108/108 MP: 7/21
 12190 | D:12     | Noticed a two-headed ogre
 12196 | D:12     | Killed a two-headed ogre
 12371 | D:12     | Noticed a two-headed ogre
 12381 | D:12     | Killed a two-headed ogre
 12382 | D:12     | Reached skill level 10 in Shields
 12733 | D:12     | Reached skill level 10 in Armour
 13119 | D:13     | Noticed a two-headed ogre
 13119 | D:13     | Noticed Urug
 13119 | D:13     | Noticed a centaur warrior
 13119 | D:13     | Found a gate to the Vaults.
 13394 | Lair:1   | Entered Level 1 of the Lair of Beasts
 13411 | Lair:1   | Reached skill level 13 in Invocations
 15158 | Lair:2   | Found a hole to the Spider Nest.
 15164 | Lair:2   | Reached **** piety under Beogh
 15166 | Lair:2   | Gained Gorg as an ally
 15664 | Lair:3   | Reached skill level 14 in Invocations
 15835 | Lair:3   | Noticed a death yak
 15836 | Lair:3   | Noticed a death yak
 15836 | Lair:3   | Noticed a death yak
 15836 | Lair:3   | Noticed a death yak
 15837 | Lair:3   | Noticed a death yak
 15838 | Lair:3   | Noticed a death yak
 15848 | Lair:3   | Reached XP level 13. HP: 90/117 MP: 7/23
 15852 | Lair:3   | Noticed Sonja
 15857 | Lair:3   | Your ally Gorg died
 16092 | Lair:3   | Found a staircase to the Swamp.
 16123 | Lair:3   | HP: 3/117 [Sonja/+1 short sword of venom (6)]
 16124 | Lair:3   | Succumbed to Sonja's poison

Illustrated notes

Levels and vault maps discovered:
D:1:      kennysheep_arrival_forest, layout_loops_ring
D:2:      layout_basic, grunt_decor_fettered, uniq_jessica
D:3:      layout_basic, zin_statuary
D:4:      layout_cave_pods, mainiacjoe_overflow_brackets,
          minmay_temple_entry_hall, chequers_serial_rivers_micro_c,
          chequers_serial_rivers_room_a, wad_rectangle_vault, uniq_ijyb
D:5:      wad_pebble_path, layout_loops_corners,
          nicolae_qazlal_general_emergency, grunt_dithmenos_smoke,
          fedhas_altar_decomposition, minmay_fractal_squares_diagonal_5,
          uniq_edmund
D:6:      layout_loops_cross
D:7:      layout_rooms, nicolae_overflow_squiral, uniq_maggie
D:8:      layout_layer_cave, gammafunk_ghost_berserking_beasts
D:9:      layout_basic, mainiacjoe_overflow_cross_hatched,
          overflow_temple_1_default, david_orc_2
D:10:     layout_grid_maze, nicolae_uskayaw_en_pointe, lair_entry_dummy,
          minmay_misc_feat_tower, nrook_pool_corridor
D:11:     layout_cave_pods, portal_ice_cave_rime, uniq_maurice
D:12:     layout_cave_pools
D:13:     layout_cave_pods, david_vaults_3
Lair:1:   layout_regular_city, serial_bayou_pond_e
Lair:2:   minmay_lair_oklob_chamber, layout_chaotic_city,
          hellmonk_spider_entry_not_the_bees, fungi_pond_lemuel,
          lemuel_fruit_fields
Lair:3:   layout_chaotic_city, swamp_mist, serial_bayou_shore_a, uniq_sonja,
          uniq_snorg

Skill      XL: |  1  2  3  4  5  6  7  8  9 10 11 12 |
---------------+-------------------------------------+-----
Axes           | 3 4 5 6 7 8 9 11 12 | 12.4
Fighting       | 4 5 6 7 8 9 10 11 | 11.7
Armour         | 4 5 6 7 8 9 10 | 10.7
Shields        | 4 5 6 7 8 9 10 | 10.9
Invocations    | 3 7 9 12 14 | 14.3

Action                     |  1- 3 |  4- 6 |  7- 9 | 10-12 | 13-15 || total
---------------------------+-------+-------+-------+-------+-------++-------
  Melee: War axe           |    69 |       |       |       |       ||    69
         Broad axe         |     5 |    77 |   272 |   456 |    30 ||   840
 Invoke: Convert to Beogh  |       |       |     1 |       |       ||     1
         Recall Orcish Fol |       |       |       |       |     1 ||     1
  Evoke: Wand              |       |       |       |     7 |     2 ||     9
    Use: Scroll            |     5 |     1 |    12 |    12 |     3 ||    33
         Potion            |       |       |     7 |     5 |    15 ||    27
   Stab: Distracted        |       |       |       |     2 |       ||     2
 Armour: Scale mail        |     9 |       |       |       |       ||     9
         Chain mail        |    31 |    32 |    77 |       |       ||   140
         Plate armour      |       |       |    81 |   266 |    77 ||   424
         Skin              |       |       |       |     6 |       ||     6
  Dodge: Dodged            |    28 |    20 |    92 |    95 |    40 ||   275
  Block: Buckler           |    20 |    34 |   149 |   253 |    44 ||   500
         Reflection        |       |     3 |     7 |     7 |       ||    17

Table legend: (Time is in decaauts)
 A = Elapsed time spent in this place.
 B = Non-inter-level travel time spent in this place.
 C = Inter-level travel time spent in this place.
 D = Time resting spent in this place.
 E = Time spent auto-exploring this place.
 F = Levels seen in this place.
 G = Mean time per level.
                   A        B        C        D        E       F      G
               +--------+--------+--------+--------+--------+-----+--------+
         Total |  16329 |  15954 |    375 |   3166 |   9936 |  17 |  960.5 |
       Dungeon |  12132 |  11798 |    334 |   1593 |   8428 |  13 |  933.2 |
          Lair |   2733 |   2693 |     40 |    592 |   1475 |   3 |  911.0 |
      Ice Cave |   1462 |   1462 |      0 |    981 |     33 |   1 | 1462.0 |
               +--------+--------+--------+--------+--------+-----+--------+

Top non-repeatable levels by time:
    D:11: 2181 daAuts
   IceCv: 1462 daAuts
  Lair:1: 1316 daAuts
     D:5: 1246 daAuts
     D:7: 1129 daAuts
     D:8: 1127 daAuts
    D:10: 1002 daAuts
  Lair:2: 946 daAuts
     D:4: 903 daAuts
    D:12: 853 daAuts
     D:2: 846 daAuts
     D:1: 837 daAuts
     D:3: 728 daAuts
     D:6: 668 daAuts
     D:9: 605 daAuts
